APL (24 & UNDER)
NASHUA REDLEGS @ MONTGOMERY GREY SOX
07/20/2030
 
TOP OF THE 1ST
Nashua Redlegs batting - Pitching for Montgomery Grey Sox : LHP Pete Shirley
Pitching: LHP Pete Shirley
Batting: RHB Manuel Pérez 0-0: Ball
1-0: Ball
2-0: Swinging Strike
2-1: Foul Ball, location: 2F
2-2: Strikes out swinging
Batting: RHB Jorge Valenzuela 0-0: Ball
1-0: Ball
2-0: Called Strike
2-1: Foul Ball, location: 2F
2-2: Foul Ball, location: 2F
2-2: SINGLE (Groundball, 56) (infield hit)
Batting: RHB Katsuhito Ohayashi 0-0: Ball
1-0: Ball
2-0: Ball
3-0: Called Strike
3-1: Base on Balls
Jorge Valenzuela to second
Batting: RHB Kyle Mann 0-0: Ball
1-0: Fly out, F8 (Flyball, 8RD)
Batting: RHB José Luján 0-0: Ball
1-0: Foul Ball, location: 2F
1-1: Ball
2-1: Ball
3-1: Foul Ball, location: 2F
3-2: Base on Balls
Jorge Valenzuela to third
Katsuhito Ohayashi to second
Batting: RHB Carlos Villagrama 0-0: Called Strike
0-1: Swinging Strike
0-2: Foul Ball, location: 2F
0-2: Foul Ball, location: 2F
0-2: Strikes out swinging
Top of the 1st over - 0 runs, 1 hit, 0 errors, 3 left on base; Nashua 0 - Montgomery 0
BOTTOM OF THE 1ST
Montgomery Grey Sox batting - Pitching for Nashua Redlegs : RHP Ronnie Jefferson
Pitching: RHP Ronnie Jefferson
Batting: LHB José Parra 0-0: Ball
1-0: Ball
2-0: Called Strike
2-1: Foul Ball, location: 2F
2-2: Foul Ball, location: 2F
2-2: Foul Ball, location: 2F
2-2: Foul Ball, location: 2F
2-2: SINGLE (Groundball, 6D)
Batting: RHB Andrew Lewis 0-0: Foul Ball, location: 2F
0-1: SINGLE (Groundball, 6MD)
José Parra to second
Runner from 2nd tries for 3rd, SAFE, no throw
Batting: RHB Randall James 0-0: Swinging Strike
0-1: Swinging Strike
0-2: Ball
1-2: Ball
2-2: Foul Ball, location: 2F
2-2: Ball
3-2: Base on Balls
Andrew Lewis to second
Batting: RHB Pedro Castro 0-0: Called Strike
0-1: Foul Ball, location: 2F
0-2: Strikes out looking
Batting: LHB Juan Sánchez 0-0: Swinging Strike
0-1: Swinging Strike
0-2: Ball
1-2: Ball
2-2: Strikes out swinging
Batting: SHB Rob Lowe 0-0: Called Strike
0-1: Called Strike
0-2: Ball
1-2: Ball
2-2: Foul Ball, location: 2F
2-2: Ball
3-2: Foul Ball, location: 2F
3-2: Strikes out looking
Bottom of the 1st over - 0 runs, 2 hits, 0 errors, 3 left on base; Nashua 0 - Montgomery 0
TOP OF THE 2ND
Nashua Redlegs batting - Pitching for Montgomery Grey Sox : LHP Pete Shirley
Batting: RHB Spencer Pritchett 0-0: Called Strike
0-1: Called Strike
0-2: Ball
1-2: Ball
2-2: Strikes out swinging
Batting: RHB Jesús Heredia 0-0: Called Strike
0-1: Ball
1-1: Foul Ball, location: 2F
1-2: Ball
2-2: Foul Ball, location: 2F
2-2: Strikes out swinging
Batting: SHB Hunter Bond 0-0: Ball
1-0: Ground out 6-3 (Groundball, 6)
Top of the 2nd over - 0 runs, 0 hits, 0 errors, 0 left on base; Nashua 0 - Montgomery 0
BOTTOM OF THE 2ND
Montgomery Grey Sox batting - Pitching for Nashua Redlegs : RHP Ronnie Jefferson
Batting: RHB José Torres 0-0: Called Strike
0-1: SINGLE (Groundball, 56D)
Batting: RHB Julius Farmer 0-0: Ball
Wild Pitch!
José Torres to second
1-0: SINGLE (Groundball, 6MD)
José Torres to third
Runner from 3rd tries for Home, throw and OUT!
Batting: RHB Norman Hopkins 0-0: Ball
1-0: Called Strike
1-1: Ground out 6-3 (Groundball, 6S)
Julius Farmer to second
Batting: LHB José Parra 0-0: Ball
1-0: Ball
2-0: Swinging Strike
2-1: Foul Ball, location: 2F
2-2: Ball
3-2: Foul Ball, location: 2F
3-2: Foul Ball, location: 2F
3-2: Foul Ball, location: 2F
3-2: Foul Ball, location: 2F
3-2: Base on Balls
Batting: RHB Andrew Lewis 0-0: Ball
1-0: SINGLE (Line Drive, 3D)
Julius Farmer to third
José Parra to second
Runner from 3rd tries for Home, SAFE, no throw
Batting: RHB Randall James 0-0: Called Strike
0-1: Ball
1-1: Swinging Strike
1-2: Foul Ball, location: 2F
1-2: Ball
2-2: Ball
3-2: Ground out 3-1 (Groundball, 34)
Bottom of the 2nd over - 1 run, 3 hits, 0 errors, 2 left on base; Nashua 0 - Montgomery 1
TOP OF THE 3RD
Nashua Redlegs batting - Pitching for Montgomery Grey Sox : LHP Pete Shirley
Batting: RHB Manuel Pérez 0-0: Ball
1-0: Reached on error, E1 (Groundball, P)
Batting: RHB Jorge Valenzuela 0-0: Swinging Strike
0-1: Ball
1-1: Ball
Manuel Pérez steals 2nd base
2-1: DOUBLE (Groundball, 5L)
Manuel Pérez scores
Batting: RHB Katsuhito Ohayashi 0-0: Ball
1-0: Ball
2-0: Swinging Strike
2-1: Called Strike
2-2: Foul Ball, location: 2F
2-2: Strikes out swinging
Batting: RHB Kyle Mann 0-0: Ball
1-0: Ball
2-0: Called Strike
2-1: Ball
3-1: Base on Balls
Batting: RHB José Luján 0-0: Ball
1-0: Fielders Choice at 2nd, 6-4 (Groundball, 56)
Jorge Valenzuela to third
Batting: RHB Carlos Villagrama 0-0: Ball
1-0: Foul Ball, location: 2F
1-1: Foul Ball, location: 2F
1-2: Ground out 3-1 (Groundball, 34)
Top of the 3rd over - 1 run, 1 hit, 1 error, 2 left on base; Nashua 1 - Montgomery 1
BOTTOM OF THE 3RD
Montgomery Grey Sox batting - Pitching for Nashua Redlegs : RHP Ronnie Jefferson
Batting: RHB Pedro Castro 0-0: Foul Ball, location: 2F
0-1: Ball
1-1: Swinging Strike
1-2: Strikes out looking
Batting: LHB Juan Sánchez 0-0: Called Strike
0-1: Ball
1-1: Ball
2-1: Called Strike
2-2: Ground out 4-3 (Groundball, 4M)
Batting: SHB Rob Lowe 0-0: Foul Ball, location: 2F
0-1: Ball
1-1: Ball
2-1: Ball
3-1: Base on Balls
Batting: RHB José Torres 0-0: Ball
1-0: Called Strike
1-1: Called Strike
1-2: Ground out 4-3 (Groundball, 34)
Bottom of the 3rd over - 0 runs, 0 hits, 0 errors, 1 left on base; Nashua 1 - Montgomery 1
TOP OF THE 4TH
Nashua Redlegs batting - Pitching for Montgomery Grey Sox : LHP Pete Shirley
Batting: RHB Spencer Pritchett 0-0: Ball
1-0: Called Strike
1-1: Ball
2-1: Called Strike
2-2: Ground out U3 (Groundball, 3)
Batting: RHB Jesús Heredia 0-0: DOUBLE (Line Drive, 78D)
Batting: SHB Hunter Bond 0-0: DOUBLE (Flyball, 8LXD)
Jesús Heredia scores
Batting: RHB Manuel Pérez 0-0: Swinging Strike
0-1: Ground out 4-3 (Groundball, 4)
Hunter Bond to third
Batting: RHB Jorge Valenzuela 0-0: Swinging Strike
0-1: Ball
1-1: SINGLE (Flyball, 89S)
Hunter Bond scores
Batting: RHB Katsuhito Ohayashi 0-0: Called Strike
0-1: Ball
1-1: Ball
2-1: Foul Ball, location: 2F
2-2: Fly out, F8 (Line Drive, 78M)
Top of the 4th over - 2 runs, 3 hits, 0 errors, 1 left on base; Nashua 3 - Montgomery 1
BOTTOM OF THE 4TH
Montgomery Grey Sox batting - Pitching for Nashua Redlegs : RHP Ronnie Jefferson
Batting: RHB Julius Farmer 0-0: Called Strike
0-1: Ball
1-1: SINGLE (Line Drive, 8RS)
Batting: RHB Norman Hopkins 0-0: Called Strike
Julius Farmer steals 2nd base
0-1: Ball
1-1: Called Strike
1-2: Ball
2-2: Foul Ball, location: 2F
2-2: Strikes out swinging
Batting: LHB José Parra 0-0: Ball
1-0: Swinging Strike
1-1: Ball
2-1: Fly out, F4 (Flyball, 34D)
Batting: RHB Andrew Lewis 0-0: Called Strike
0-1: Ground out 5-3 (Groundball, 56S)
Bottom of the 4th over - 0 runs, 1 hit, 0 errors, 1 left on base; Nashua 3 - Montgomery 1
TOP OF THE 5TH
Nashua Redlegs batting - Pitching for Montgomery Grey Sox : LHP Pete Shirley
Batting: RHB Kyle Mann 0-0: Swinging Strike
0-1: SINGLE (Line Drive, 34D)
Batting: RHB José Luján 0-0: Called Strike
0-1: Ball
1-1: Ball
2-1: Called Strike
2-2: Ball
3-2: Strikes out swinging
Batting: RHB Carlos Villagrama 0-0: Ball
Wild Pitch!
Kyle Mann to second
1-0: Foul Ball, location: 2F
1-1: Foul Ball, location: 2F
1-2: Ball
2-2: Foul Ball, location: 2F
2-2: Strikes out looking
Batting: RHB Spencer Pritchett 0-0: Fly out, F9 (Flyball, 9LMF)
Top of the 5th over - 0 runs, 1 hit, 0 errors, 1 left on base; Nashua 3 - Montgomery 1
BOTTOM OF THE 5TH
Montgomery Grey Sox batting - Pitching for Nashua Redlegs : RHP Ronnie Jefferson
Pitching: LHP Shannon Thomas
Batting: RHB Randall James 0-0: Ball
1-0: Swinging Strike
1-1: Ball
2-1: Foul Ball, location: 2F
2-2: Strikes out swinging, 2-3 out at first.
Batting: RHB Pedro Castro 0-0: Fly out, F9 (Flyball, 9LD)
Batting: LHB Juan Sánchez 0-0: Called Strike
0-1: Ball
1-1: Called Strike
1-2: Foul Ball, location: 2F
1-2: Strikes out swinging
Bottom of the 5th over - 0 runs, 0 hits, 0 errors, 0 left on base; Nashua 3 - Montgomery 1
TOP OF THE 6TH
Nashua Redlegs batting - Pitching for Montgomery Grey Sox : LHP Pete Shirley
Pitching: RHP Tom Reed
Batting: RHB Jesús Heredia 0-0: Ball
1-0: Foul Ball, location: 2F
1-1: SINGLE (Groundball, 34D)
Batting: SHB Hunter Bond 0-0: Called Strike
0-1: Called Strike
0-2: Fielders Choice at 2nd, 4-6 (Groundball, 4)
Batting: RHB Manuel Pérez 0-0: Called Strike
0-1: Called Strike
0-2: Ball
1-2: Ball
2-2: Strikes out looking
Batting: RHB Jorge Valenzuela 0-0: Ball
1-0: Ball
2-0: Ball
3-0: Base on Balls
Hunter Bond to second
Batting: RHB Katsuhito Ohayashi 0-0: Foul Ball, location: 2F
0-1: Ball
Wild Pitch!
Hunter Bond to third
Jorge Valenzuela to second
1-1: Foul Ball, location: 2F
1-2: Foul Ball, location: 2F
1-2: DOUBLE (Line Drive, 5D)
Hunter Bond scores
Jorge Valenzuela scores
Pitching: RHP Michael MacDonald
Batting: RHB Kyle Mann 0-0: Ball
1-0: Fly out, F7 (Flyball, 7)
Top of the 6th over - 2 runs, 2 hits, 0 errors, 1 left on base; Nashua 5 - Montgomery 1
BOTTOM OF THE 6TH
Montgomery Grey Sox batting - Pitching for Nashua Redlegs : LHP Shannon Thomas
Batting: SHB Rob Lowe 0-0: Called Strike
0-1: Ball
1-1: Ball
2-1: Foul Ball, location: 2F
2-2: Fly out, F9 (Flyball, 9LS)
Batting: RHB José Torres 0-0: Called Strike
0-1: Ball
1-1: Foul Ball, location: 2F
1-2: Foul Ball, location: 2F
1-2: Ball
2-2: Foul Ball, location: 2F
2-2: Ball
3-2: Foul Ball, location: 2F
3-2: Foul Ball, location: 2F
3-2: Strikes out swinging
Batting: RHB Julius Farmer 0-0: Foul Ball, location: 2F
0-1: Called Strike
0-2: Foul Ball, location: 2F
0-2: Foul Ball, location: 2F
0-2: Strikes out swinging
Bottom of the 6th over - 0 runs, 0 hits, 0 errors, 0 left on base; Nashua 5 - Montgomery 1
TOP OF THE 7TH
Nashua Redlegs batting - Pitching for Montgomery Grey Sox : RHP Michael MacDonald
Batting: RHB José Luján 0-0: Called Strike
0-1: Swinging Strike
0-2: Ball
1-2: Ball
2-2: Strikes out swinging
Pitching: RHP Carlos Delgado
Batting: RHB Carlos Villagrama 0-0: Fly out, F6 (Line Drive, 6M)
Batting: RHB Spencer Pritchett 0-0: Foul Ball, location: 2F
0-1: Ground out 5-3 (Groundball, 56S)
Top of the 7th over - 0 runs, 0 hits, 0 errors, 0 left on base; Nashua 5 - Montgomery 1
BOTTOM OF THE 7TH
Montgomery Grey Sox batting - Pitching for Nashua Redlegs : LHP Shannon Thomas
Batting: RHB Norman Hopkins 0-0: Called Strike
0-1: Foul Ball, location: 2F
0-2: Ball
1-2: Ground out 5-3 (Groundball, 5)
Batting: LHB José Parra 0-0: Ball
1-0: Foul Ball, location: 2F
1-1: Ball
2-1: Foul Ball, location: 2F
2-2: Ground out 5-3 (Groundball, 56S)
Batting: RHB Andrew Lewis 0-0: Foul Ball, location: 2F
0-1: Foul Ball, location: 2F
0-2: Ground out 6-3 (Groundball, 6)
Bottom of the 7th over - 0 runs, 0 hits, 0 errors, 0 left on base; Nashua 5 - Montgomery 1
TOP OF THE 8TH
Nashua Redlegs batting - Pitching for Montgomery Grey Sox : RHP Carlos Delgado
Batting: RHB Jesús Heredia 0-0: Ball
1-0: Foul Ball, location: 2F
1-1: Ground out 6-3 (Groundball, 6)
Batting: SHB Hunter Bond 0-0: Ball
1-0: Ball
2-0: DOUBLE (Line Drive, 9LM)
Batting: RHB Manuel Pérez 0-0: Swinging Strike
0-1: Called Strike
0-2: Ball
1-2: Ball
2-2: Strikes out swinging
Batting: RHB Jorge Valenzuela 0-0: Ball
1-0: Ball
2-0: Ball
3-0: Base on Balls
Batting: RHB Katsuhito Ohayashi 0-0: SINGLE (Flyball, 78S)
Hunter Bond to third
Jorge Valenzuela to second
Runner from 3rd tries for Home, SAFE, no throw
Batting: RHB Kyle Mann 0-0: Ball
1-0: Ball
2-0: Called Strike
2-1: Ball
3-1: Base on Balls
Jorge Valenzuela to third
Katsuhito Ohayashi to second
Pitching: RHP Josh Jenkins
Batting: RHB José Luján 0-0: Ground out 6-3 (Groundball, 6M)
Top of the 8th over - 1 run, 2 hits, 0 errors, 3 left on base; Nashua 6 - Montgomery 1
BOTTOM OF THE 8TH
Montgomery Grey Sox batting - Pitching for Nashua Redlegs : LHP Shannon Thomas
Now at SS: John Newman
Batting: RHB Randall James 0-0: Called Strike
0-1: Ball
1-1: Swinging Strike
1-2: Foul Ball, location: 2F
1-2: Ball
2-2: Ball
3-2: Base on Balls
Batting: RHB Pedro Castro 0-0: Ball
1-0: Hit by Pitch
Randall James to second
Batting: LHB Juan Sánchez 0-0: Called Strike
0-1: Swinging Strike
0-2: Fielders Choice at 2nd, 4-6 (Groundball, 4D)
Randall James to third
Batting: SHB Rob Lowe 0-0: Ball
1-0: Foul Ball, location: 2F
1-1: Called Strike
1-2: Ball
2-2: Strikes out swinging
Pitching: RHP Vaughan Price
Batting: RHB José Torres 0-0: Ball
1-0: Ball
2-0: Ball
3-0: Base on Balls
Juan Sánchez to second
Batting: RHB Julius Farmer 0-0: Called Strike
0-1: Ball
1-1: Ground out U3 (Groundball, 34)
Bottom of the 8th over - 0 runs, 0 hits, 0 errors, 3 left on base; Nashua 6 - Montgomery 1
TOP OF THE 9TH
Nashua Redlegs batting - Pitching for Montgomery Grey Sox : RHP Josh Jenkins
Batting: RHB Carlos Villagrama 0-0: Ball
1-0: Fly out, F8 (Flyball, 8RD)
Batting: RHB Spencer Pritchett 0-0: Called Strike
0-1: Ball
1-1: Foul Ball, location: 2F
1-2: Ball
2-2: Ball
3-2: Base on Balls
Batting: RHB John Newman 0-0: Called Strike
0-1: Swinging Strike
0-2: Foul Ball, location: 2F
0-2: Strikes out swinging
Batting: SHB Hunter Bond 0-0: Ball
Spencer Pritchett is caught stealing 2nd base
Top of the 9th over - 0 runs, 0 hits, 0 errors, 0 left on base; Nashua 6 - Montgomery 1
BOTTOM OF THE 9TH
Montgomery Grey Sox batting - Pitching for Nashua Redlegs : RHP Vaughan Price
Batting: RHB Norman Hopkins 0-0: Fly out, F9 (Flyball, 89D)
Batting: LHB José Parra 0-0: Swinging Strike
0-1: Swinging Strike
0-2: Strikes out swinging
Batting: RHB Andrew Lewis 0-0: Foul Ball, location: 2F
0-1: Called Strike
0-2: Reached on error, E5 (Groundball, 56)
Batting: RHB Randall James 0-0: Called Strike
0-1: Ball
1-1: Called Strike
1-2: Fly out, F9 (Flyball, 89M)
Bottom of the 9th over - 0 runs, 0 hits, 1 error, 1 left on base; Nashua 6 - Montgomery 1
Saturday, April 7th, 2018 - OOTP Baseball 18.8 Build 76